 Dungeon Crawl Stone Soup version 0.29.0-4-gdea44cf6ec (webtiles) character file.

Game seed: 14102087197974816361

172 qw the Chopper (level 5, -1/30 HPs)
             Began as a Tengu Warper on Aug 28, 2022.
             Slain by a gnoll
             ... wielding a +0 spear
              (6 damage)
             ... on level 4 of the Dungeon.
             The game lasted 00:00:18 (3267 turns).

qw the Chopper (Tengu Warper)                       Turns: 3267, Time: 00:00:19

Health: -1/30      AC:  6    Str: 14    XL:     5   Next: 53%
Magic:  9/9        EV:  6    Int: 13    God:
Gold:   206        SH:  0    Dex: 13    Spells: 8/8 levels left

rFire   . . .      SeeInvis .   Y - +0 hand axe
rCold   . . .      Faith    .   (no shield)
rNeg    . . .      Spirit   .   e - +0 scale mail
rPois   +          Reflect  .   (helmet restricted)
rElec   .          Harm     .   (no cloak)
rCorr   .          Rampage  .   (no gloves)
Will    .....                   (boots unavailable)
Stlth   ..........              (no amulet)
HPRegen 0.10/turn               a - ring of poison resistance
MPRegen 0.11/turn               (no ring)

@: flying quickly and evasively, held, quick
A: beak, talons 3, nimble flight
a: no special abilities


You were on level 4 of the Dungeon.
You visited 2 branches of the dungeon, and saw 5 of its levels.

You collected 206 gold pieces.


Innate Abilities, Weirdness & Mutations

You have a beak for a mouth.
You have claws for feet.
Your magical nature lets you fly swiftly and evasively.


   Skills:
 - Level 2.0 Fighting
 + Level 6.1 Axes
 - Level 1.0 Throwing
 - Level 1.1 Armour
 - Level 2.1 Dodging
 - Level 2.0 Spellcasting
 - Level 2.4 Translocations


You had 8 spell levels left.
You didn't know any spells.
Your spell library contained the following spells:

 Spells                   Type           Power      Damage    Failure   Level
 Blink                    Tloc           14%        N/A       54%         2
 Gell's Gravitas          Tloc           7%         N/A       77%         3
 Lesser Beckoning         Tloc           7%         N/A       77%         3
 Teleport Other           Tloc           7%         N/A       77%         3
 Manifold Assault         Tloc           7%         N/A       100%        5

Inventory:

Hand Weapons
 h - a +0 club
 Y - a +0 hand axe (weapon)
Armour
 e - a +0 scale mail (worn)
Jewellery
 a - a ring of poison resistance (left hand)
Scrolls
 b - 2 scrolls of identify
Potions
 c - 2 potions of mutation
 d - a potion of heal wounds
 g - 2 potions of curing

Dungeon Overview and Level Annotations

Branches:
Dungeon (4/15)             Temple (1/1) D:4

Altars:
Ashenzari
Cheibriados
Dithmenos
Elyvilon
Fedhas
Hepliaklqana
Kikubaaqudgha
Makhleb
Qazlal
Ru
Sif Muna
Trog
Vehumet
Wu Jian
Xom
Yredelemnul


Message History

The gnoll shouts!
You hear a shout! x2
Found a chain mail.
A gnoll comes into view. It is wielding a +0 spear.
The gnoll shouts!
A gnoll comes into view. It is wielding a +0 halberd.
The gnoll splashes around in the water.
You hit the gnoll. You claw the gnoll. Your peck misses the gnoll.
The gnoll is severely wounded.
The gnoll barely misses you.
The gnoll hits you from afar with a +0 spear.
You hit the gnoll. You claw the gnoll, but do no damage.
The gnoll is almost dead.
The gnoll closely misses you. The gnoll barely misses you.
The gnoll hits you from afar with a +0 spear.
You hit the gnoll.
You kill the gnoll!
The gnoll hits you from afar with a +0 halberd!
The gnoll hits you from afar with a +0 spear.
The gnoll hits you with a +0 halberd.
The gnoll throws a throwing net.
The throwing net hits you.
You become entangled in the net!
The gnoll hits you with a +0 spear.
Things that are here:
a throwing net; a +0 club
3264 ||| DRINKING 2 potions of heal wounds.
You feel much better. The gnoll hits you with a +0 halberd.
The gnoll hits you from afar with a +0 spear.
The gnoll splashes around in the water.
You struggle against the net.
The gnoll barely misses you.
The gnoll hits you from afar with a +0 spear.
The gnoll barely misses you.
You struggle against the net.
The gnoll hits you with a +0 halberd.
The gnoll hits you from afar with a +0 spear.
The gnoll hits you with a +0 spear.
You tear a large gash into the net.
The gnoll hits you with a +0 halberd! The gnoll hits you but does no damage.
The gnoll hits you with a +0 spear.
You die...

## #.......####.......# .####
#.......##.....###.## ....#
#..........~~~...#..# ###.######
#........~~~~~~~..#.#
#......#*#.......~~~~~~~~~...#
#.####...####...~~~~~~~~~~~..#
#.## ***,#**#...~~~~7.P~~~~..##
#..# *,,,,,*#..~~~~7PP.7~~~~...
#7'777+7,*,,#.@~~~~>._.<~~~~.##
7.....7,**,#g.g~~~.PPP.~~~~..#
7.###.7,,,....g~~~~P.P~~~~...#
##7.....7,*#.....~~~~~~~~~~~.#.#
##.'.._..+,*###....~~~~~~~~~..#.#
...7.....7** #[....~~~~~~~..##.#
###7.###.7 #.......~~~...#*#.#
7..,,.7 ##.............##..
###7+777+7# *,.,,,,,,......#.#


You could see 3 gnolls.

Vanquished Creatures
  A hound (D:3)
  Jessica (D:2)
  An iguana (D:4)
  A gnoll (D:4)
  3 adders
  A dart slug (D:3)
  An orc (D:3)
  4 ball pythons
  5 bats
  8 endoplasms
  3 giant cockroaches
  9 goblins
  6 hobgoblins
  2 kobolds (D:1)
  A quokka (D:1)
  A frilled lizard (D:1)
  4 rats
52 creatures vanquished.

Notes
Turn   | Place    | Note
-------+----------+-------------------------------------------
     0 | D:1      | qw the Tengu Warper began the quest for the Orb.
     0 | D:1      | Reached XP level 1. HP: 12/12 MP: 4/4
     0 | D:1      | 0 ||| qw: Version: 0.1-a-89-g26bdef1
     0 | D:1      | 0 ||| qw: Game counter: 1508
     0 | D:1      | 0 ||| qw: Always use a shield: true
     0 | D:1      | 0 ||| qw: God list: Okawaru
     0 | D:1      | 0 ||| qw: Allow faded altars: false
     0 | D:1      | 0 ||| qw: Do Orc after D:15 true
     0 | D:1      | 0 ||| qw: Do second Lair branch before Depths: true
     0 | D:1      | 0 ||| qw: Lair rune preference: random
     0 | D:1      | 0 ||| qw: Plans: Normal
     0 | D:1      | 0 ||| PLANNING D:1-11
    61 | D:1      | 61 ||| Stepping ~*~*~tactically~*~*~ (stealth).
    65 | D:1      | 65 ||| Stepping ~*~*~tactically~*~*~ (stealth).
    84 | D:1      | 84 ||| Stepping ~*~*~tactically~*~*~ (stealth).
    86 | D:1      | 86 ||| Stepping ~*~*~tactically~*~*~ (stealth).
    87 | D:1      | 87 ||| Stepping ~*~*~tactically~*~*~ (stealth).
    88 | D:1      | 88 ||| Stepping ~*~*~tactically~*~*~ (stealth).
    89 | D:1      | 89 ||| Stepping ~*~*~tactically~*~*~ (stealth).
    97 | D:1      | Reached XP level 2. HP: 8/17 MP: 6/6
   279 | D:1      | You fall into a shaft and drop 1 floor!
   298 | D:2      | Reached skill level 3 in Axes
   366 | D:2      | 366 ||| UPGRADING to +0 ring mail.
   376 | D:2      | 376 ||| DROPPING +0 leather armour.
   377 | D:2      | 377 ||| DROPPING scroll of blinking.
   582 | D:1      | Found a faded altar of an unknown god.
   858 | D:1      | Reached XP level 3. HP: 14/21 MP: 7/7
  1328 | D:1      | 1328 ||| READING scroll labelled KOGYOMACZI.
  1329 | D:1      | 1329 ||| READING scroll labelled CONEAL WIANOA.
  1330 | D:1      | 1330 ||| DRINKING 2 murky yellow potions.
  1331 | D:1      | 1331 ||| DRINKING 2 silvery potions.
  1332 | D:1      | 1332 ||| DRINKING 3 amethyst potions.
  1333 | D:1      | 1333 ||| DROPPING potion of magic.
  1361 | D:2      | 1361 ||| STAIRDANCE
  1379 | D:2      | Reached skill level 4 in Axes
  1434 | D:2      | Noticed Jessica
  1441 | D:2      | Killed Jessica
  1442 | D:2      | Reached XP level 4. HP: 11/26 MP: 8/8
  1604 | D:2      | 1604 ||| Stepping ~*~*~tactically~*~*~ (stealth).
  1633 | D:2      | 1633 ||| Stepping ~*~*~tactically~*~*~ (stealth).
  1637 | D:2      | 1637 ||| Stepping ~*~*~tactically~*~*~ (stealth).
  1963 | D:2      | 1963 ||| UPGRADING to +0 scale mail.
  1973 | D:2      | 1973 ||| DROPPING +0 ring mail.
  1974 | D:2      | 1974 ||| READING scroll labelled UNODOU NUTERIE.
  1979 | D:2      | 1979 ||| READING 3 scrolls labelled LIWKE RUTISE.
  1980 | D:2      | 1980 ||| DRINKING 2 green potions.
  2081 | D:2      | 2081 ||| READING 2 scrolls of identify.
  2081 | D:2      | 2081 ||| IDENTIFYING purple potion
  2082 | D:2      | 2082 ||| DROPPING potion of ambrosia.
  2121 | D:3      | 2121 ||| Stepping ~*~*~tactically~*~*~ (hiding).
  2142 | D:3      | Reached skill level 5 in Axes
  2256 | D:3      | Found a hazy altar of Hepliaklqana.
  2256 | D:3      | Found a white marble altar of Elyvilon.
  2259 | D:3      | Found a shimmering altar of Xom.
  2664 | D:3      | 2664 ||| UPGRADING to ring of poison resistance.
  2665 | D:3      | 2665 ||| READING scroll labelled QIRHOBBOZYL.
  2666 | D:3      | 2666 ||| READING 2 scrolls of identify.
  2666 | D:3      | 2666 ||| IDENTIFYING smoky cyan potion
  2667 | D:3      | 2667 ||| DROPPING potion of berserk rage.
  2687 | D:4      | 2687 ||| STAIRDANCE
  2695 | D:4      | 2695 ||| STAIRDANCE
  2702 | D:3      | Gained mutation: Your magical nature lets you fly swiftly
                  | and evasively. [Tengu growth]
  2702 | D:3      | Reached XP level 5. HP: 26/30 MP: 9/9
  2769 | D:4      | Found a broken altar of Ashenzari.
  2964 | D:4      | Reached skill level 6 in Axes
  3089 | D:4      | Found a staircase to the Ecumenical Temple.
  3090 | D:4      | 3090 ||| PLANNING TEMPLE
  3090 | D:4      | 3090 ||| DROPPING amulet of magic regeneration.
  3091 | D:4      | 3091 ||| READING scroll labelled BAMU MIFIACW.
  3092 | D:4      | 3092 ||| READING scroll labelled GACAEGG ROAZ.
  3093 | D:4      | 3093 ||| READING 2 scrolls of identify.
  3093 | D:4      | 3093 ||| IDENTIFYING brown potion
  3094 | D:4      | 3094 ||| DROPPING potion of flight.
  3103 | Temple   | Entered the Ecumenical Temple
  3103 | Temple   | Found a transporter.
  3103 | Temple   | Found a transporter.
  3105 | Temple   | Found a transporter.
  3105 | Temple   | Found a transporter.
  3115 | Temple   | 3115 ||| PLANNING D:1-11
  3237 | D:4      | Found a blossoming altar of Fedhas.
  3263 | D:4      | HP: 5/30 [gnoll/+0 halberd (3)]
  3264 | D:4      | 3264 ||| DRINKING 2 potions of heal wounds.
  3267 | D:4      | Slain by a gnoll

Levels and vault maps discovered:
D:1:      ncdulo_halloftheorcs, layout_basic, hellmonk_ecumenical_altar_run_dry,
          hangedman_abyss_or_decor_lesser_grid
D:2:      layout_rooms, chequers_serial_rivers_micro_d, st_stairs_4,
          minmay_misc_feat_iff, uniq_jessica
D:3:      layout_loops_ring, gammafunk_temple_overflow_claw
D:4:      layout_rooms, mainiacjoe_overflow_six_doors_small,
          fedhas_ov_isle_minmay, temple_pool_b, grunt_decor_fettered
Temple:   hellmonk_temple_divided_pantheon

Skill      XL: |  1  2  3  4  5 |
---------------+----------------+-----
Axes           | 3 4 5 6 |  6.1
Fighting       | |  2.0
Throwing       | |  1.0
Armour         | |  1.1
Dodging        | |  2.1
Spellcasting   | |  2.0
Translocations | |  2.4

Action                   |  1- 3 |  4- 6 || total
-------------------------+-------+-------++-------
Melee: Hand axe          |    55 |    64 ||   119
       Peck              |    10 |    14 ||    24
       Kick              |     8 |    23 ||    31
       Punch             |     1 |       ||     1
Throw: Boomerang         |     7 |       ||     7
  Use: Potion            |     3 |     2 ||     5
       Scroll            |     2 |     8 ||    10
Armor: Leather armour    |     7 |       ||     7
       Ring mail         |    18 |     1 ||    19
       Scale mail        |       |    18 ||    18
Dodge: Dodged            |    21 |    27 ||    48

Table legend:
 A = Non-vault XP
 B = Vault XP
 C = Vault XP percentage of total XP
 D = Non-vault monster count
 E = Vault monster count
 F = Vault count percentage of total count
                 A         B        C        D         E       F
            +---------+---------+-------+---------+---------+-------
      Total |     206 |      41 |  16.6 |      49 |       3 |   5.8
            +---------+---------+-------+---------+---------+-------
        D:1 |      34 |       0 |   0.0 |      21 |       0 |   0.0
        D:2 |      31 |      41 |  56.9 |      11 |       3 |  21.4
        D:3 |      71 |       0 |   0.0 |      10 |       0 |   0.0
        D:4 |      70 |       0 |   0.0 |       7 |       0 |   0.0
            +---------+---------+-------+---------+---------+-------
